TOP OF THE 1ST |
Beaverton Bronze Souls batting - Pitching for Scottsdale Scorpions : RHP Tomás Muñóz
|
Pitching: RHP Tomás Muñóz
|
|
Batting: RHB Joe Brinkman
|
0-0: Ball 1-0: Foul Ball, location: 2F 1-1: Called Strike 1-2: Strikes out swinging
|
Batting: RHB Rusty Anderson
|
0-0: Called Strike 0-1: Foul Ball, location: 2F 0-2: Ball 1-2: Strikes out swinging
|
Batting: LHB Chance Santry
|
0-0: Called Strike 0-1: Ball 1-1: Swinging Strike 1-2: Ball 2-2: Foul Ball, location: 2F 2-2: Ball 3-2: Base on Balls
|
Batting: RHB Carlos Guevara
|
0-0: Swinging Strike 0-1: Foul Ball, location: 2F 0-2: SINGLE (Flyball, 8RS) Chance Santry to second Runner from 2nd tries for 3rd, SAFE, throw made to third
|
Batting: LHB Cristóbal Gómez
|
0-0: Foul Ball, location: 2F 0-1: Foul Ball, location: 2F 0-2: 3-RUN HOME RUN (Flyball, 9LD), Distance : 331 ft
|
Batting: RHB David Kerr
|
0-0: Ball 1-0: Fly out, F5 (Popup, 5L)
|
Top of the 1st over - 3 run(s), 2 hit(s), 0 error(s), 0 left on base; Beaverton 3 - Scottsdale 0 |
BOTTOM OF THE 1ST |
Scottsdale Scorpions batting - Pitching for Beaverton Bronze Souls : RHP Terry Norris
|
Pitching: RHP Terry Norris
|
|
Batting: LHB Ernesto Hernández
|
0-0: Ball 1-0: Foul Ball, location: 2F 1-1: Foul Ball, location: 2F 1-2: Strikes out swinging
|
Batting: RHB Sergio Domínguez
|
0-0: Ball 1-0: Called Strike 1-1: Called Strike 1-2: Ball 2-2: Reached on error, E6 (Groundball, 6)
|
Batting: SHB Arnold Moore
|
0-0: Swinging Strike 0-1: Ball 1-1: Grounds into double play, 5-4-3 (Groundball, 56)
|
Bottom of the 1st over - 0 run(s), 0 hit(s), 1 error(s), 0 left on base; Beaverton 3 - Scottsdale 0 |
TOP OF THE 2ND |
Beaverton Bronze Souls batting - Pitching for Scottsdale Scorpions : RHP Tomás Muñóz
|
Batting: RHB Chris Hall
|
0-0: Ball 1-0: Ball 2-0: Reached on error, E4 (Popup, 34D)
|
Batting: SHB Alberto Sandoval
|
0-0: Ball 1-0: Foul Ball, location: 2F 1-1: Ball 2-1: Ball 3-1: Foul Ball, location: 2F 3-2: Foul Ball, location: 2F 3-2: Strikes out swinging Chris Hall steals 2nd base Batter strikes out.
|
Batting: RHB Carlos Carrillo
|
0-0: Ball 1-0: Ground out 1-3 (Groundball, 15)
|
Batting: RHB Joe Brinkman
|
0-0: Ball 1-0: Ball 2-0: Ball 3-0: Base on Balls
|
Batting: RHB Rusty Anderson
|
0-0: Foul Ball, location: 2F 0-1: Ball 1-1: Foul Ball, location: 2F 1-2: Foul Ball, location: 2F 1-2: Ball 2-2: Foul Ball, location: 2F 2-2: Strikes out swinging
|
Top of the 2nd over - 0 run(s), 0 hit(s), 1 error(s), 2 left on base; Beaverton 3 - Scottsdale 0 |
BOTTOM OF THE 2ND |
Scottsdale Scorpions batting - Pitching for Beaverton Bronze Souls : RHP Terry Norris
|
Batting: RHB Lúcio Ramírez
|
0-0: Foul Ball, location: 2F 0-1: Called Strike 0-2: Ball 1-2: Ball 2-2: Foul Ball, location: 2F 2-2: Ball 3-2: Ground out 4-3 (Groundball, 4)
|
Batting: LHB Manny Vigil
|
0-0: Ball 1-0: Swinging Strike 1-1: Ball 2-1: Foul Ball, location: 2F 2-2: Strikes out looking
|
Batting: RHB Jaime Delgado
|
0-0: Called Strike 0-1: Ball 1-1: Fly out, F9 (Flyball, 89S)
|
Bottom of the 2nd over - 0 run(s), 0 hit(s), 0 error(s), 0 left on base; Beaverton 3 - Scottsdale 0 |
TOP OF THE 3RD |
Beaverton Bronze Souls batting - Pitching for Scottsdale Scorpions : RHP Tomás Muñóz
|
Batting: LHB Chance Santry
|
0-0: Called Strike 0-1: Ball 1-1: Ball 2-1: Reached on error, E6 (Groundball, 6D)
|
Batting: RHB Carlos Guevara
|
0-0: Ball 1-0: Ball 2-0: Ball 3-0: Called Strike 3-1: Base on Balls Chance Santry to second
|
Batting: LHB Cristóbal Gómez
|
0-0: Called Strike 0-1: Ball 1-1: Ball Wild Pitch! Chance Santry to third Carlos Guevara to second 2-1: Swinging Strike 2-2: Ball 3-2: Foul Ball, location: 2F 3-2: Strikes out swinging
|
Batting: RHB David Kerr
|
0-0: SINGLE (Groundball, 34D) Chance Santry scores Carlos Guevara to third
|
Batting: RHB Chris Hall
|
0-0: Called Strike David Kerr steals 2nd base 0-1: Called Strike 0-2: Strikes out looking
|
Batting: SHB Alberto Sandoval
|
0-0: Fly out, F6 (Popup, 6)
|
Top of the 3rd over - 1 run(s), 1 hit(s), 1 error(s), 2 left on base; Beaverton 4 - Scottsdale 0 |
|
|
BOTTOM OF THE 3RD |
Scottsdale Scorpions batting - Pitching for Beaverton Bronze Souls : RHP Terry Norris
|
Batting: LHB Sergio Fernández
|
0-0: Ball 1-0: Ball 2-0: Foul Ball, location: 2F 2-1: Ball 3-1: Foul Ball, location: 2F 3-2: Fly out, F5 (Popup, 5L)
|
Batting: LHB José Garza
|
0-0: SINGLE (Groundball, 56D)
|
Batting: RHB Robinson Fernández
|
0-0: Called Strike 0-1: Grounds into double play, 1-6-3 (Groundball, P)
|
Bottom of the 3rd over - 0 run(s), 1 hit(s), 0 error(s), 0 left on base; Beaverton 4 - Scottsdale 0 |
TOP OF THE 4TH |
Beaverton Bronze Souls batting - Pitching for Scottsdale Scorpions : RHP Tomás Muñóz
|
Batting: RHB Carlos Carrillo
|
0-0: Ball 1-0: Ball 2-0: Ball 3-0: Called Strike 3-1: Foul Ball, location: 2F 3-2: Base on Balls
|
Batting: RHB Joe Brinkman
|
0-0: Ball 1-0: Called Strike 1-1: Swinging Strike 1-2: Ball 2-2: Strikes out swinging
|
Batting: RHB Rusty Anderson
|
0-0: Fielders Choice at 2nd, 4-6 (Groundball, 4)
|
Batting: LHB Chance Santry
|
0-0: Ball 1-0: Ball 2-0: Fly out, F7 (Flyball, 7LS)
|
Top of the 4th over - 0 run(s), 0 hit(s), 0 error(s), 1 left on base; Beaverton 4 - Scottsdale 0 |
BOTTOM OF THE 4TH |
Scottsdale Scorpions batting - Pitching for Beaverton Bronze Souls : RHP Terry Norris
|
Batting: LHB Ernesto Hernández
|
0-0: Ball 1-0: Ball 2-0: Called Strike 2-1: Ball 3-1: Foul Ball, location: 2F 3-2: Foul Ball, location: 2F 3-2: Base on Balls
|
Batting: RHB Sergio Domínguez
|
0-0: Ball 1-0: Swinging Strike 1-1: Swinging Strike 1-2: Reached on error, E6 (Groundball, 6) Ernesto Hernández to second
|
Batting: SHB Arnold Moore
|
0-0: Called Strike 0-1: Ball 1-1: Foul Ball, location: 2F 1-2: Ball 2-2: Ball 3-2: Reached on error, E4 (Groundball, 4) Ernesto Hernández to third Sergio Domínguez to second
|
Batting: RHB Lúcio Ramírez
|
0-0: Foul Ball, location: 2F 0-1: Foul Ball, location: 2F 0-2: Ball 1-2: Foul Ball, location: 2F 1-2: Strikes out swinging
|
Batting: LHB Manny Vigil
|
0-0: Fly out, F8 (Flyball, 8RS) Runner from 3rd tags up, SCORES, no throw
|
Batting: RHB Jaime Delgado
|
0-0: Fielders Choice at 2nd, 5-4 (Groundball, 5L)
|
Bottom of the 4th over - 1 run(s), 0 hit(s), 2 error(s), 1 left on base; Beaverton 4 - Scottsdale 1 |
TOP OF THE 5TH |
Beaverton Bronze Souls batting - Pitching for Scottsdale Scorpions : RHP Tomás Muñóz
|
Batting: RHB Carlos Guevara
|
0-0: Ball 1-0: Ball 2-0: Foul Ball, location: 2F 2-1: Foul Ball, location: 2F 2-2: Foul Ball, location: 2F 2-2: Strikes out looking
|
Pitching: RHP Alejandro Guzmán
|
|
Batting: LHB Cristóbal Gómez
|
0-0: Ball 1-0: Ground out 4-3 (Groundball, 4D)
|
Batting: RHB David Kerr
|
0-0: Called Strike 0-1: Ground out 5-3 (Groundball, 56S)
|
Top of the 5th over - 0 run(s), 0 hit(s), 0 error(s), 0 left on base; Beaverton 4 - Scottsdale 1 |
BOTTOM OF THE 5TH |
Scottsdale Scorpions batting - Pitching for Beaverton Bronze Souls : RHP Terry Norris
|
Batting: LHB Sergio Fernández
|
0-0: Called Strike 0-1: SINGLE (Groundball, 34D)
|
Batting: LHB José Garza
|
0-0: Called Strike 0-1: Ball 1-1: Ball 2-1: Foul Ball, location: 2F 2-2: Ball 3-2: Foul Ball, location: 2F 3-2: Base on Balls Sergio Fernández to second
|
Pitching: LHP Luis Carbajal
|
|
Batting: RHB Robinson Fernández
|
0-0: Swinging Strike 0-1: Foul Ball, location: 2F 0-2: Foul Ball, location: 2F 0-2: Foul Ball, location: 2F 0-2: Ball 1-2: Ball 2-2: Ball 3-2: Foul Ball, location: 2F 3-2: Strikes out swinging
|
Batting: LHB Ernesto Hernández
|
0-0: Ball 1-0: Ball 2-0: Foul Ball, location: 2F 2-1: Fly out, F8 (Flyball, 8RM)
|
Batting: RHB Sergio Domínguez
|
0-0: Called Strike 0-1: Ball 1-1: Foul Ball, location: 2F 1-2: Foul Ball, location: 2F 1-2: Foul Ball, location: 2F 1-2: Foul Ball, location: 2F 1-2: Strikes out swinging
|
Bottom of the 5th over - 0 run(s), 1 hit(s), 0 error(s), 2 left on base; Beaverton 4 - Scottsdale 1 |
TOP OF THE 6TH |
Beaverton Bronze Souls batting - Pitching for Scottsdale Scorpions : RHP Alejandro Guzmán
|
Batting: RHB Chris Hall
|
0-0: Foul Ball, location: 2F 0-1: Foul Ball, location: 2F 0-2: Ball 1-2: Ball 2-2: Ground out 5-3 (Groundball, 56)
|
Batting: SHB Alberto Sandoval
|
0-0: Called Strike 0-1: Foul Ball, location: 2F 0-2: Ball 1-2: Strikes out swinging
|
Batting: RHB Carlos Carrillo
|
0-0: Ball 1-0: Ball 2-0: Called Strike 2-1: Foul Ball, location: 2F 2-2: Strikes out looking
|
Top of the 6th over - 0 run(s), 0 hit(s), 0 error(s), 0 left on base; Beaverton 4 - Scottsdale 1 |
BOTTOM OF THE 6TH |
Scottsdale Scorpions batting - Pitching for Beaverton Bronze Souls : LHP Luis Carbajal
|
Batting: SHB Arnold Moore
|
0-0: Foul Ball, location: 2F 0-1: Ball 1-1: Ball 2-1: Swinging Strike 2-2: Ball 3-2: Base on Balls
|
Batting: RHB Lúcio Ramírez
|
0-0: Swinging Strike 0-1: Foul Ball, location: 2F 0-2: Strikes out swinging
|
Batting: LHB Manny Vigil
|
0-0: SINGLE (Groundball, 56D) Arnold Moore to second
|
Batting: RHB Jaime Delgado
|
0-0: Swinging Strike 0-1: Foul Ball, location: 2F 0-2: Grounds into double play, 5-4-3 (Groundball, 5)
|
Bottom of the 6th over - 0 run(s), 1 hit(s), 0 error(s), 1 left on base; Beaverton 4 - Scottsdale 1 |
TOP OF THE 7TH |
Beaverton Bronze Souls batting - Pitching for Scottsdale Scorpions : RHP Alejandro Guzmán
|
Batting: RHB Joe Brinkman
|
0-0: Ball 1-0: Called Strike 1-1: Ball 2-1: Swinging Strike 2-2: Strikes out swinging
|
Batting: RHB Rusty Anderson
|
0-0: Foul Ball, location: 2F 0-1: Ground out 6-3 (Groundball, 6S)
|
Batting: LHB Chance Santry
|
0-0: Swinging Strike 0-1: Ball 1-1: Fly out, F7 (Line Drive, 78D)
|
Top of the 7th over - 0 run(s), 0 hit(s), 0 error(s), 0 left on base; Beaverton 4 - Scottsdale 1 |
BOTTOM OF THE 7TH |
Scottsdale Scorpions batting - Pitching for Beaverton Bronze Souls : LHP Luis Carbajal
|
Batting: LHB Sergio Fernández
|
0-0: Ball 1-0: Ball 2-0: Called Strike 2-1: Called Strike 2-2: Ball 3-2: SINGLE (Groundball, 34S) (infield hit)
|
Batting: LHB José Garza
|
0-0: Ball 1-0: Ball 2-0: Ball 3-0: Base on Balls Sergio Fernández to second
|
Batting: RHB Robinson Fernández
|
0-0: Called Strike 0-1: Ball 1-1: Ground out 6-3 (Groundball, 6S) Sergio Fernández to third José Garza to second
|
Batting: LHB Ernesto Hernández
|
0-0: Swinging Strike 0-1: Swinging Strike 0-2: Strikes out swinging
|
Batting: RHB Sergio Domínguez
|
0-0: Fly out, F7 (Flyball, 7D)
|
Bottom of the 7th over - 0 run(s), 1 hit(s), 0 error(s), 2 left on base; Beaverton 4 - Scottsdale 1 |
TOP OF THE 8TH |
Beaverton Bronze Souls batting - Pitching for Scottsdale Scorpions : RHP Alejandro Guzmán
|
Batting: RHB Carlos Guevara
|
0-0: Ball 1-0: Ball 2-0: Called Strike 2-1: Foul Ball, location: 2F 2-2: Ball 3-2: Strikes out swinging
|
Pitching: RHP John Field
|
|
Batting: LHB Cristóbal Gómez
|
0-0: Called Strike 0-1: Called Strike 0-2: Ball 1-2: Strikes out swinging
|
Batting: RHB David Kerr
|
0-0: Ball 1-0: Ball 2-0: Ground out 1-3 (Groundball, 15S)
|
Top of the 8th over - 0 run(s), 0 hit(s), 0 error(s), 0 left on base; Beaverton 4 - Scottsdale 1 |
BOTTOM OF THE 8TH |
Scottsdale Scorpions batting - Pitching for Beaverton Bronze Souls : LHP Luis Carbajal
|
Now at 1B: José Dávila
|
|
Batting: SHB Arnold Moore
|
0-0: Ball 1-0: Called Strike 1-1: Foul Ball, location: 2F 1-2: Ball 2-2: Foul Ball, location: 2F 2-2: Fly out, F6 (Popup, 6MD)
|
Pitching: RHP Juan Sandoval
|
|
Batting: RHB Lúcio Ramírez
|
0-0: Swinging Strike 0-1: Ball 1-1: Ball 2-1: Foul Ball, location: 2F 2-2: Foul Ball, location: 2F 2-2: Ball 3-2: Strikes out looking
|
Batting: LHB Manny Vigil
|
0-0: SINGLE (Line Drive, 4D)
|
Pitching: RHP Ben Hepworth
|
|
Batting: RHB Jaime Delgado
|
0-0: Ball 1-0: Foul Ball, location: 2F 1-1: Fly out, F9 (Flyball, 9D)
|
Bottom of the 8th over - 0 run(s), 1 hit(s), 0 error(s), 1 left on base; Beaverton 4 - Scottsdale 1 |
TOP OF THE 9TH |
Beaverton Bronze Souls batting - Pitching for Scottsdale Scorpions : RHP John Field
|
Batting: RHB Chris Hall
|
0-0: Ball 1-0: Ball 2-0: Ball 3-0: Base on Balls
|
Batting: SHB Alberto Sandoval
|
0-0: Bunted foul 0-1: Sac Bunt - play at first, batter OUT! 1-4 Chris Hall to second
|
Batting: RHB Carlos Carrillo
|
0-0: Ground out 6-3 (Groundball, 56D)
|
Batting: RHB Joe Brinkman
|
0-0: Foul Ball, location: 2F 0-1: Ball 1-1: Called Strike 1-2: Foul Ball, location: 2F 1-2: SINGLE (Line Drive, 7LS) Chris Hall to third Runner from 3rd tries for Home, SAFE, no throw
|
Batting: RHB Rusty Anderson
|
0-0: Fielders Choice at 2nd, U6 (Groundball, 6M)
|
Top of the 9th over - 1 run(s), 1 hit(s), 0 error(s), 1 left on base; Beaverton 5 - Scottsdale 1 |
BOTTOM OF THE 9TH |
Scottsdale Scorpions batting - Pitching for Beaverton Bronze Souls : RHP Ben Hepworth
|
Batting: LHB Sergio Fernández
|
0-0: Ball 1-0: Foul Ball, location: 2F 1-1: Ball 2-1: Ball 3-1: Swinging Strike 3-2: Base on Balls
|
Batting: LHB José Garza
|
0-0: Ball 1-0: Swinging Strike 1-1: Fielders Choice at 2nd, 4-6 (Groundball, 4)
|
Batting: RHB Robinson Fernández
|
0-0: Ball 1-0: Called Strike 1-1: Ball 2-1: Ground out U3 (Groundball, 34S) José Garza to second
|
Batting: LHB Ernesto Hernández
|
0-0: Ball 1-0: Ball 2-0: Ball 3-0: Base on Balls
|
Pitching: LHP Mike Stevens
|
|
Batting: RHB Sergio Domínguez
|
0-0: Swinging Strike 0-1: Ball 1-1: Fly out, F8 (Flyball, 8LS)
|
Bottom of the 9th over - 0 run(s), 0 hit(s), 0 error(s), 2 left on base; Beaverton 5 - Scottsdale 1 |
|
Thursday, March 30th, 2017 - OOTP Baseball 17.12 Build 75
|
|